 Dungeon Crawl Stone Soup version 0.20-a0-501-g0de2c2e (webtiles) character file.

612 graki42 the Magician (level 7, 0/38 HPs)
             Began as a Deep Elf Fire Elementalist on Jan 19, 2017.
             Killed from afar by an orc (33 damage)
             ... with an exploding inner flame
             ... hexed by the player character
             ... on level 5 of the Dungeon on Jan 20, 2017.
             The game lasted 00:15:43 (4299 turns).

graki42 the Magician (Deep Elf Fire Elementalist)   Turns: 4299, Time: 00:15:50

Health: 0/38       AC:  3    Str:  7    XL:     7   Next: 20%
Magic:  6/18       EV: 13    Int: 20    God:
Gold:   158        SH:  0    Dex: 15    Spells: 8/19 levels left

rFire    . . .     SeeInvis .   v - +2 short sword (venom)
rCold    . . .     Gourm    .   a - +0 robe
rNeg     . . .     Faith    +   (no shield)
rPois    +         Spirit   .   (no helmet)
rElec    .         Reflect  .   (no cloak)
rCorr    .         Harm     .   C - +0 pair of gloves
MR       .....                  (no boots)
Stlth    +++.......             y - amulet of faith
Regen    0.2/turn               (no ring)
                                n - ring of poison resistance

@: slowed, very slow
A: no striking features
a: no special abilities


You were on level 5 of the Dungeon.
You were not hungry.

You visited 1 branch of the dungeon, and saw 5 of its levels.

You collected 158 gold pieces.

Inventory:

Hand Weapons
 v - a +2 short sword of venom (weapon)
Armour
 a - a +0 robe (worn)
 C - a +0 pair of gloves (worn)
Jewellery
 n - a ring of poison resistance (left hand)
 y - an amulet of faith (around neck)
Scrolls
 g - 2 scrolls of enchant armour {unknown}
 m - 6 scrolls of identify {unknown}
 p - a scroll of blinking {unknown}
 q - 2 scrolls of recharging {unknown}
 r - 3 scrolls of enchant weapon {unknown}
 s - a scroll of immolation {unknown}
 u - 4 scrolls of remove curse {unknown}
 w - a scroll of fog {unknown}
 x - 2 scrolls of teleportation {unknown}
 z - 2 scrolls of fear {unknown}
Potions
 d - a potion of brilliance {unknown}
 e - a potion of haste {unknown}
 f - 2 potions of invisibility {unknown}
 h - a potion of flight {unknown}
 j - 2 potions of heal wounds
 k - 3 potions of curing {unknown}
 o - a potion of agility {unknown}
 t - 2 potions of might {unknown}
 B - 2 potions of lignification {unknown}
Books
 b - a book of Flames

   Spells                             Type                      Level
   a - Flame Tongue                   Conjuration/Fire             1
   b - Throw Flame                    Conjuration/Fire             2
   c - Conjure Flame                  Conjuration/Fire             3
   d - Inner Flame                    Hexes/Fire                   3
   e - Sticky Flame                   Conjuration/Fire             4
   f - Fireball                       Conjuration/Fire             5
 A - a book of Cantrips

   Spells                             Type                      Level
   a - Confusing Touch                Hexes                        1
   b - Animate Skeleton               Necromancy                   1
   c - Summon Small Mammal            Summoning                    1
   d - Apportation                    Translocation                1
Comestibles
 c - 3 bread rations
 i - a beef jerky
 l - 5 meat rations
 D - 2 chunks of flesh


   Skills:
 + Level 1.0 Fighting
 + Level 3.2 Dodging
 + Level 4.0 Stealth
 + Level 6.5 Spellcasting
 + Level 3.2 Conjurations
 + Level 0.6 Hexes
 + Level 5.8 Fire Magic


You had 8 spell levels left.
You knew the following spells:

 Your Spells              Type           Power        Failure   Level  Hunger
a - Flame Tongue          Conj/Fire      ###..        1%          1    None
b - Conjure Flame         Conj/Fire      ###.....     6%          3    #......
c - Inner Flame           Hex/Fire       ###.....     10%         3    #......
d - Sticky Flame          Conj/Fire      ###.....     17%         4    ###....


Dungeon Overview and Level Annotations

Branches:
Dungeon (5/15)
 Temple: D:4-7

Altars:
Cheibriados
Nemelex Xobeh
Okawaru

Shops:
D:4 [   D:5 =

Annotations:
D:2 Sigmund


Message History

Press: ? - help, Shift-Dir - straight line, f/p - orc
Aim: an orc (inner flame)
The flame tongue hits the orc.
The orc is lightly wounded.
The orc wizard gestures at you while chanting.
The magic dart hits you!
The orc wizard gestures wildly while chanting.
The orc wizard seems to speed up.
Casting: Flame Tongue
Confirm with . or Enter, or press ? or * to list all spells.
Aiming: Sticky Flame
Press: ? - help, Shift-Dir - straight line, f/p - orc
Aim: an orc (lightly wounded, inner flame)
The sticky flame hits the orc.
The orc is almost dead.
The orc is covered in liquid flames!
The orc burns!
The orc explodes!
The fiery explosion engulfs you!
Ouch! That really hurt!
You die...

###### ##########
....###.........
#.......>......
##...##.o)[.....
###....@§§.#......
##.....†###.#
##### ##.......#
#.# #...†....# #)#
#.....#...# #.#
......##...# #.#
....## #...# #.#
... #...# .# ##
#.#.#


You could see an orc wizard.

Vanquished Creatures
  An ogre (D:4)
  2 hounds (D:5)
  2 orc priests (D:4)
  An iguana (D:3)
  An orc wizard (D:4)
  6 worker ants
  A hound zombie (D:5)
  7 gnolls
  3 adders
  3 oozes
  2 worms (D:2)
  3 dart slugs
  3 leopard geckos
  13 orcs
  4 giant cockroaches
  7 hobgoblins
  3 quokkas
  2 ball pythons
  2 bats
  5 frilled lizards
  4 goblins
  7 kobolds
  5 rats
87 creatures vanquished.

Notes
Turn   | Place    | Note
-------+----------+-------------------------------------------
     0 | D:1      | graki42 the Deep Elf Fire Elementalist began the quest for the Orb.
     0 | D:1      | Reached XP level 1. HP: 10/10 MP: 6/6
   316 | D:1      | Reached XP level 2. HP: 15/15 MP: 6/8
   693 | D:2      | Reached XP level 3. HP: 14/19 MP: 0/10
   698 | D:2      | Learned a level 3 spell: Conjure Flame
   702 | D:2      | Learned a level 3 spell: Inner Flame
  1023 | D:2      | Noticed Sigmund
  1598 | D:2      | Reached XP level 4. HP: 24/24 MP: 9/11
  1935 | D:3      | Found an iron altar of Okawaru.
  2010 | D:3      | Reached skill level 4 in Spellcasting
  2638 | D:3      | Reached XP level 5. HP: 28/28 MP: 10/13
  2644 | D:3      | Learned a level 4 spell: Sticky Flame
  2713 | D:3      | Found a sparkling altar of Nemelex Xobeh.
  2934 | D:4      | Found Wampiz's Antique Armour Emporium.
  2949 | D:4      | Reached skill level 5 in Fire Magic
  3244 | D:4      | Reached skill level 5 in Spellcasting
  3244 | D:4      | Reached XP level 6. HP: 31/33 MP: 9/15
  3799 | D:4      | Reached skill level 6 in Spellcasting
  3984 | D:5      | Entered Level 5 of the Dungeon
  3991 | D:5      | Found Fuarap's Jewellery Boutique.
  4030 | D:5      | Found a snail-covered altar of Cheibriados.
  4066 | D:5      | Reached skill level 1 in Fighting
  4066 | D:5      | Reached XP level 7. HP: 21/38 MP: 11/18
  4299 | D:5      | Killed from afar by an orc

Vault maps used:
D:1:      matt_arrival_refuge
D:2:      first_bread, uniq_sigmund
D:3:      kennysheep_okawaru_gauntlet, nemelex_xobeh_ov_fountains_minmay,
          nicolae_overflow_hidden_temple
D:4:      serial_shops, shop
D:5:      kennysheep_slug_shrine, serial_shops, shop,
          nicolae_tso_carved_into_rock

Skill      XL: |  1  2  3  4  5  6  7 |
---------------+----------------------+-----
Fire Magic     | 4 5 |  5.8
Spellcasting   | 4 5 6 |  6.5
Conjurations   | 2 3 |  3.2
Dodging        | 3 |  3.2
Stealth        | 3 4 |  4.0
Fighting       | 1 |  1.0
Hexes          | |  0.6

Action                   |  1- 3 |  4- 6 |  7- 9 || total
-------------------------+-------+-------+-------++-------
Melee: Short sword       |     4 |    17 |     1 ||    22
 Cast: Flame Tongue      |    62 |    90 |    14 ||   166
       Conjure Flame     |     1 |     5 |     2 ||     8
       Inner Flame       |     1 |     4 |     2 ||     7
       Sticky Flame      |       |     4 |     2 ||     6
  Use: Potion            |     1 |       |       ||     1
 Stab: Sleeping          |       |       |     1 ||     1
  Eat: Chunk             |     2 |     8 |     2 ||    12
Armor: Robe              |     8 |     6 |     4 ||    18
Dodge: Dodged            |    22 |    28 |     6 ||    56
